 Dungeon Crawl Stone Soup version 0.26-a0-712-ga5a9c9c9d0 (webtiles) character file.

Game seed: 4014196176729159742

(classic levelgen) 46 EnegeticOcto the Shield-Bearer (level 3, -1/34 HPs)
             Began as a Deep Dwarf Fighter on Nov 3, 2020.
             Succumbed to Sigmund's poison
             ... on level 3 of the Dungeon.
             The game lasted 00:00:18 (305 turns).

EnegeticOcto the Shield-Bearer (Deep Dwarf Fighter)  Turns: 305, Time: 00:00:19

Health: -1/34      AC:  7    Str: 20    XL:     3   Next: 46%
Magic:  2/2        EV:  7    Int:  8    God:
Gold:   74         SH:  0    Dex: 12    Spells: 2/2 levels left

rFire    . . .     SeeInvis .   a - +0 war axe
rCold    . . .     Faith    .   c - +0 kite shield
rNeg     . . .     Spirit   .   b - +0 scale mail
rPois    .         Reflect  .   (no helmet)
rElec    .         Harm     .   (no cloak)
rCorr    .         Rampage  .   (no gloves)
MR       .....                  (no boots)
Stlth    ..........             (no amulet)
HPRegen  0.00/turn              (no ring)
MPRegen  0.08/turn              (no ring)

@: confused, lethally poisoned (-1 -> -3), non-regenerating
A: damage resistance, heal wounds, sense surroundings 1, no regeneration
a: Heal Wounds


You were on level 3 of the Dungeon.
You visited 1 branch of the dungeon, and saw 3 of its levels.

You collected 74 gold pieces.

Inventory:

Hand Weapons
 a - a +0 war axe (weapon)
Armour
 b - a +0 scale mail (worn)
 c - a +0 kite shield (worn)
Potions
 d - a potion of might {@q3}
 e - 2 potions of haste {unknown}
 f - a potion of mutation {unknown}
 g - a potion of curing {unknown}


   Skills:
 + Level 3.0 Fighting
 * Level 3.2 Axes
 + Level 3.7 Armour
 + Level 3.7 Shields


You had 2 spell levels left.
You didn't know any spells.
Your spell library was empty.

Dungeon Overview and Level Annotations

Branches:
Dungeon (3/15)

Altars:

Annotations:
D:3 Sigmund


Innate Abilities, Weirdness & Mutations

You are resistant to damage.
You can heal yourself by infusing magical energy.
You passively map a small area around you.
You do not regenerate.


Message History

You climb downwards.
There is a stone staircase leading up here.
A frilled lizard comes into view.
A frilled lizard is nearby!
You fail to use your ability.
Found a white potion.
A giant cockroach comes into view.
Found a whip.
You block the frilled lizard's attack.
You barely miss the frilled lizard.
The frilled lizard bites you but does no damage.
A hobgoblin comes into view.
The frilled lizard bites you.
The hobgoblin shouts!
You hit the frilled lizard.
You kill the frilled lizard!
You hit the giant cockroach.
You kill the giant cockroach!
The hobgoblin hits you but does no damage.
You slash the hobgoblin!
You kill the hobgoblin!
No target in view!
No target in view!
No target in view!
No target in view!
No target in view!
f - a fuming grey potion
Found two stone staircases leading up.
No target in view!
g - a white potion No target in view!
No target in view!
e - 2 purple potions (gained 1)
There is a stone staircase leading up here.
You open the door.
Found an escape hatch in the floor.
There is an open door here.
You now have 74 gold pieces (gained 5).
You open the door.
There is an open door here.
You open the door.
Sigmund the Dreaded comes into view.
He is wielding a +0 scythe of venom.
Found 17 bolts.
There is an open door here.
Sigmund is nearby!
Sigmund is nearby!
Sigmund casts a spell at you.
You are confused.
You are too confused!
You are too confused!
You are too confused!
You are too confused!
You are too confused!
You are too confused!
You are too confused!
You are too confused!
You are too confused!
You are too confused!
You are too confused!
You are too confused!
You are too confused!
You're too confused!
Sigmund says, "Your kind have come here before.
I understand now why.
You desire death..."
Sigmund hits you from afar with a +0 scythe of venom!
You are poisoned.
You bump into the rock wall.
Sigmund hits you from afar with a +0 scythe of venom.
You are more poisoned.
You're too confused to move!
Sigmund casts a spell at you. The magic dart hits you.
You feel less confused. Sigmund gestures at you while chanting.
The magic dart hits you.
* * * LOW HITPOINT WARNING * * *
Sigmund casts a spell.
Sigmund flickers and vanishes!
Deactivating autopickup; reactivate with Ctrl-A.
Something hits you.
You are more poisoned.
Your magical essence is drained by the effort!
You feel much better. You block something's attack.
You completely miss something. Something hits you but does no damage.
You miss something.
You hear some strange, mumbled words.
A magic dart appears from out of thin air!
The magic dart hits you!
You miss something. Something hits you!
You are more poisoned.
You hit something.
You feel very sick.
You hear some strange, mumbled words.
You are confused.
You feel sick.
A magic dart appears from out of thin air!
The magic dart hits you!
* * * LOW HITPOINT WARNING * * *
* * * LOW HITPOINT WARNING * * *
You feel sick. Something completely misses you.
You die...

############
#..........# ,
######### #..........#
#......@# #..........#
#.......# #..........#
#......{# #.........>#
,
#.......###..........#
, ,
+.......'.'..........#
#.......###..........#
* #......(#
#..........# #
#.......#
#####'###+#### ,
#########
##..........+


There were no monsters in sight!

Vanquished Creatures
  A gnoll (D:1)
  An adder (D:2)
  An ooze (D:1)
  A leopard gecko (D:1)
  A giant cockroach (D:3)
  4 goblins
  6 hobgoblins
  3 bats
  3 frilled lizards
  A kobold (D:1)
22 creatures vanquished.

Notes
Turn   | Place    | Note
-------+----------+-------------------------------------------
     0 | D:1      | EnegeticOcto the Deep Dwarf Fighter began the quest for the
                  | Orb.
     0 | D:1      | Reached XP level 1. HP: 20/20 MP: 1/1
    90 | D:1      | Reached XP level 2. HP: 20/27 MP: 2/2
   159 | D:1      | Reached XP level 3. HP: 22/33 MP: 3/3
   289 | D:3      | Noticed Sigmund
   304 | D:3      | HP: 1/34 [poisoned by Sigmund]
   305 | D:3      | Succumbed to Sigmund's poison

Illustrated notes

Levels and vault maps discovered:
D:1:      lemuel_arrival_tunnels, layout_basic, minmay_misc_feat_room
D:2:      layout_rooms, lemuel_coloured_pillars_altar, roderic_roman_lattice,
          uniq_jessica
D:3:      layout_basic, nicolae_overflow_crystal_walls, uniq_sigmund

Skill      XL: |  1  2  3 |
---------------+----------+-----
Axes           | 3 |  3.2
Fighting       | 3 |  3.0
Armour         | |  3.7
Shields        | |  3.7

Action                   || total
-------------------------++-------
Melee: War axe           ||    57
 Abil: Heal Wounds       ||     1
Armor: Scale mail        ||    25
Dodge: Dodged            ||    24
Block: Kite shield       ||    30

Table legend: (Time is in decaauts)
 A = Elapsed time spent in this place.
 B = Non-inter-level travel time spent in this place.
 C = Inter-level travel time spent in this place.
 D = Time resting spent in this place.
 E = Time spent auto-exploring this place.
 F = Levels seen in this place.
 G = Mean time per level.
                   A        B        C        D        E       F      G
               +--------+--------+--------+--------+--------+-----+--------+
         Total |    329 |    313 |     16 |      0 |    177 |   3 |  109.7 |
       Dungeon |    329 |    313 |     16 |      0 |    177 |   3 |  109.7 |
               +--------+--------+--------+--------+--------+-----+--------+

Top non-repeatable levels by time:
     D:1: 189 daAuts
     D:3: 76 daAuts
     D:2: 63 daAuts
